 Dungeon Crawl Stone Soup version 0.29.1-1-gd02db6906a (webtiles) character file.

Game seed: 17537418637790222516

9 MrElixer the Shield-Bearer (level 2, -1/27 HPs)
             Began as a Minotaur Fighter on Oct 13, 2022.
             Slain by a kobold
             ... wielding a +1 whip of electrocution
              (5 damage)
             ... on level 1 of the Dungeon.
             The game lasted 00:01:48 (298 turns).

MrElixer the Shield-Bearer (Minotaur Fighter)        Turns: 298, Time: 00:01:48

Health: -1/27      AC:  7    Str: 17 (20) XL:     2   Next: 3%
Magic:  1/1        EV:  9    Int:  4 (5)  God:
Gold:   38         SH:  4    Dex:  7 (9)  Spells: 1/1 levels left

rFire   . . .      SeeInvis .   a - +0 war axe
rCold   . . .      Faith    .   c - +0 buckler
rNeg    . . .      Spirit   .   b - +0 scale mail
rPois   .          Reflect  .   (helmet restricted)
rElec   .          Harm     .   (no cloak)
rCorr   .          Rampage  .   (no gloves)
Will    .....                   (no boots)
Stlth   ..........              (no amulet)
HPRegen 0.09/turn               (no ring)
MPRegen 0.07/turn               (no ring)

@: no status effects
A: horns 2, retaliatory headbutt
a: no special abilities


You were on level 1 of the Dungeon.
You visited 1 branch of the dungeon, and saw 1 of its levels.

You collected 38 gold pieces.

Inventory:

Hand Weapons
 a - a +0 war axe (weapon)
Armour
 b - a +0 scale mail (worn)
 c - a +0 buckler (worn)
Potions
 d - a potion of might
 e - a potion of flight


   Skills:
 + Level 3.8 Fighting
 + Level 2.7 Axes
 + Level 3.8 Armour
 + Level 3.8 Shields


You had one spell level left.
You didn't know any spells.
Your spell library was empty.

Dungeon Overview and Level Annotations

Branches:
Dungeon (1/15)

Altars:


Innate Abilities, Weirdness & Mutations

You have a pair of horns on your head.
You reflexively headbutt those who attack you in melee.


Message History

You feel very buoyant.
You fly up into the air.
It was a potion of degeneration.
There was something very wrong with that liquid.
You feel weakened.
You feel dopey.
You feel clumsy.
You see here a hobgoblin corpse.
A kobold comes into view. It is wielding a +0 whip.
A rat comes into view.
The rat twitches its whiskers.
You block the kobold's attack. The kobold hits you with a +0 whip.
You slash the kobold!
You kill the kobold!
The rat bites you.
You have reached level 2!
You hit the rat.
You kill the rat!
You are starting to lose your buoyancy.
You float gracefully downwards.
HP restored.
A kobold comes into view.
It is wielding a +1 whip of electrocution.
The kobold shouts!
You hear a bark!
A jackal comes into view.
The kobold throws a stone.
The stone barely misses you.
A jackal comes into view.
The jackal barks!
You hear a bark!
The kobold hits you with a +1 whip of electrocution.
You are electrocuted!
Ouch! That really hurt!
* * * LOW HITPOINT WARNING * * *
You closely miss the kobold. You headbutt the kobold.
The kobold is moderately wounded.
The kobold hits you with a +1 whip of electrocution.
* * * LOW HITPOINT WARNING * * *
A jackal comes into view.
The kobold misses you.
You barely miss the kobold.
The kobold is moderately wounded.
The kobold hits you with a +1 whip of electrocution.
You die...

.......##.# #......)..#
.#.....##.# #.........###
.#.....##.# #...........#
.#........###.........#.#
.##.#.............#####.#
..#.#.###.....##..# #.#
......# .#......### #.#
....^ ..........# #.#
####. #.####@#.# #.# ....
#K#.# #.# #### #h#.# #.#
hh#.####.# . ..#......#
.# ...######## .# .... .#
....# .#


You could see 3 jackals and a kobold.

Vanquished Creatures
  A bat (D:1)
  An endoplasm (D:1)
  A hobgoblin (D:1)
  A jackal (D:1)
  A kobold (D:1)
  A quokka (D:1)
  A rat (D:1)
7 creatures vanquished.

Notes
Turn   | Place    | Note
-------+----------+-------------------------------------------
     0 | D:1      | MrElixer the Minotaur Fighter began the quest for the Orb.
     0 | D:1      | Reached XP level 1. HP: 19/19 MP: 0/0
   216 | D:1      | Reached XP level 2. HP: 21/27 MP: 1/1
   298 | D:1      | Slain by a kobold

Illustrated notes

Levels and vault maps discovered:
D:1:      nzn_arrival_water_spiral, layout_basic, serial_curves, eino_curves_01,
          eino_curves_02, serial_shops, shop_coins, corexii_corridor_pit,
          minmay_misc_feat_more_columns

Action                   || total
-------------------------++-------
Melee: War axe           ||    11
       Headbutt          ||     2
  Use: Potion            ||     2
Armor: Scale mail        ||     1
Dodge: Dodged            ||     7
Block: Buckler           ||     3
